[Event "7th Sharjah Masters 2024"]
[Site "Sharjah"]
[Date "2024.05.21"]
[Round "8.2"]
[White "Sarana, Alexey"]
[Black "Erigaisi Arjun"]
[Result "1/2-1/2"]
[ECO "D82"]
[WhiteElo "2706"]
[BlackElo "2762"]
[Annotator "TA"]
[PlyCount "32"]
[EventDate "2024.05.13"]
[EventType "swiss"]
[EventCountry "UAE"]
[SourceTitle "playchess.com"]
[Source "ChessBase"]
[SourceQuality "1"]
[TimeControl "5400+30"]

1. d4 Nf6 2. c4 g6 3. Nc3 d5 4. Bf4 Bg7 5. e3 c5 6. dxc5 Qa5 7. Rc1 dxc4 8. Bxc4 O-O 9. Nge2 Qxc5 10. Qb3 {[%emt 0:00:42] Threatens to win with Nb5. The position is equal.} Qa5 11. O-O Nbd7 12. Rfd1 Nc5 13. Qb5 Qxb5 14. Nxb5 {[%emt 0:00:05] [#] Strongly threatening Nc7.} Be6 15. Bxe6 Nxe6 16. Be5 a6 {[%emt 0:02:35] Not much happened in this game.   Weighted Error Value: White=0.02 (flawless) /Black=0.00 (flawless) .  OK:         	White=4     	Black=4} 1/2-1/2

[Event "7th Sharjah Masters 2024"]
[Site "Sharjah"]
[Date "2024.05.21"]
[Round "8.3"]
[White "Tabatabaei, M. Amin"]
[Black "Suleymanli, Aydin"]
[Result "1/2-1/2"]
[ECO "E06"]
[WhiteElo "2707"]
[BlackElo "2621"]
[Annotator "TA"]
[PlyCount "74"]
[EventDate "2024.05.13"]
[EventType "swiss"]
[EventCountry "UAE"]
[SourceTitle "playchess.com"]
[Source "ChessBase"]
[SourceQuality "1"]
[TimeControl "5400+30"]

1. d4 Nf6 2. Nf3 d5 3. c4 e6 4. g3 Be7 5. Bg2 O-O 6. Qd3 h6 7. O-O c5 8. cxd5 {[%emt 0:00:30] White has an edge.} exd5 9. dxc5 Bxc5 10. Be3 Bxe3 11. Qxe3 Nc6 12. Rd1 Re8 13. Qb3 Rxe2 14. Nc3 Re7 15. Nxd5 Nxd5 16. Rxd5 Qe8 {[%emt 0:00:30] [#] ...Be6 would now be deadly.} 17. Rd6 Be6 18. Qd3 Rd7 19. Rxd7 Qxd7 20. Qxd7 Bxd7 21. a3 Rd8 22. Rd1 Kf8 23. b4 Ke7 24. Re1+ Be6 25. b5 Na5 26. Ne5 {[%emt 0:00:30][%cal Og2h3] Prevents Rd3} Kf6 27. f4 Rd2 28. Rc1 Ra2 29. Rc3 Ra1+ 30. Kf2 Ra2+ 31. Kg1 Ra1+ (31... g5 $5) 32. Kf2 Ra2+ (32... g5 $5) 33. Kg1 g5 34. Nd3 Ra1+ 35. Kf2 Ra2+ 36. Kg1 Ra1+ 37. Kf2 Ra2+ {[%emt 0:00:30] Weighted Error Value: White=0.07 (flawless) /Black=0.12 (very precise) .  Mistake:       	---       	Black=1      Inaccurate:     	White=4     	Black=2      OK:         	White=8     	Black=10     Best:        	White=8     	---} (37... Nc4 $15 38. fxg5+ hxg5) 1/2-1/2

[Event "7th Sharjah Masters 2024"]
[Site "Sharjah"]
[Date "2024.05.21"]
[Round "8.4"]
[White "Murzin, Volodar"]
[Black "Aravindh, Chithambaram VR."]
[Result "1-0"]
[ECO "B42"]
[WhiteElo "2634"]
[BlackElo "2671"]
[Annotator "TA"]
[PlyCount "101"]
[EventDate "2024.05.13"]
[EventType "swiss"]
[EventCountry "UAE"]
[SourceTitle "playchess.com"]
[Source "ChessBase"]
[SourceQuality "1"]
[TimeControl "5400+30"]

1. e4 c5 2. Nf3 e6 3. d4 cxd4 4. Nxd4 a6 5. Bd3 Bc5 6. Nb3 Be7 7. Be3 {[%emt 0:01:37] B42: Sicilian: Kan Variation: 5 Bd3.} Nf6 8. N1d2 d6 9. a4 Nc6 10. Nc4 $146 ({Predecessor:} 10. a5 d5 11. Bb6 Qd7 12. Nc5 Qd6 13. O-O Nxa5 14. Bxa5 Qxc5 15. e5 Nd7 16. Nb3 {0-1 Paveliev,A (2391)-Simonian,H (2504) RUS-chT2 16th 2009 (5)}) 10... d5 11. Bb6 Qd7 12. exd5 exd5 13. Ne3 Qd6 14. O-O O-O 15. Re1 Be6 16. c3 g6 17. Bc5 Qc7 18. Bxe7 Nxe7 19. Nd4 Rae8 20. Be2 Nc8 21. Bf3 Nd6 22. Qb3 Nde4 23. Rad1 Nc5 24. Qa2 Rd8 25. a5 Rfe8 26. Qa3 Ncd7 27. g3 Ne5 28. Bg2 Bc8 29. Re2 h5 30. Rde1 Kg7 31. Qa4 Nd3 32. Rd1 Nc5 33. Qa3 Nce4 34. Rde1 h4 35. Qb4 Nc5 36. Rd1 Nce4 37. Nf3 hxg3 $1 38. hxg3 Nd6 39. Rde1 Rh8 40. Qb6 Qxb6 (40... Qc6 {looks sharper.} 41. Qd4 Nde4 42. Ne5 Qc5) 41. axb6 Nb5 42. c4 dxc4 43. Nxc4 Bg4 (43... Be6 44. Rxe6 fxe6 45. Ng5 $14) (43... Nd4 $11 44. Nxd4 Rxd4) 44. Re7 $16 Rd7 (44... Bxf3 $142 45. Bxf3 Nd6) 45. Ng5 $16 Rhd8 $2 (45... Rc8 $16) 46. Bxb7 $18 (46. Nxf7 Rxe7 47. Rxe7 Rd1+ 48. Bf1 Rd7 49. Rxd7 Nxd7 $18) 46... Nd4 47. Rxd7 (47. Bxa6 Rb8 48. b3 (48. Nxf7 $2 Nf3+ 49. Kg2 Nxe1+ 50. Rxe1 Rxf7 $19) 48... Nf3+ 49. Nxf3 Bxf3 $14) (47. Nxf7 $142 Rb8 48. Nfd6+ (48. Bxa6 $2 Nf3+ 49. Kg2 Nxe1+ 50. Rxe1 Rxf7 $19) 48... Kf8 49. Rxd7 Bxd7 50. Bg2 (50. Bxa6 Nf3+ 51. Kf1 Nxe1 $11)) 47... Rxd7 $2 (47... Nxd7 {was necessary.} 48. Bd5 (48. Bxa6 Be2 $11) 48... Nc2) 48. Bc8 $18 ({Resist} 48. Bxa6 Nh7 $18) 48... Rd5 49. b7 (49. Bxa6 Rxg5 50. Re3 Rh5 $19) 49... Rb5 50. Bxg4 Nxg4 51. Re4 1-0

[Event "7th Sharjah Masters 2024"]
[Site "Sharjah"]
[Date "2024.05.21"]
[Round "8.5"]
[White "Maghsoodloo, Parham"]
[Black "Muradli, Mahammad"]
[Result "1-0"]
[ECO "E53"]
[WhiteElo "2733"]
[BlackElo "2561"]
[Annotator "RC"]
[PlyCount "181"]
[EventDate "2024.05.13"]
[EventType "swiss"]
[EventCountry "UAE"]
[SourceTitle "playchess.com"]
[Source "ChessBase"]
[SourceQuality "1"]
[TimeControl "5400+30"]

1. d4 Nf6 2. c4 e6 3. Nc3 Bb4 4. e3 O-O 5. Bd3 d5 6. a3 Bxc3+ 7. bxc3 dxc4 8. Bxc4 c5 9. Nf3 Qc7 10. Be2 b6 11. Bb2 Bb7 12. O-O Rd8 13. Re1 Nc6 14. Rc1 Rac8 15. Bf1 Ne7 16. Ne5 Nd7 17. Nxd7 Rxd7 18. Qg4 Qc6 19. f3 Kf8 20. c4 f6 21. Bd3 h6 22. d5 exd5 23. cxd5 Rxd5 24. Be4 Qd7 25. Bxd5 Qxg4 26. fxg4 Bxd5 27. e4 Be6 28. h3 b5 29. Red1 Kf7 30. Rd6 c4 31. Bc3 Nc6 32. Rb1 a6 33. Kf2 Ke7 34. Rd2 Ne5 35. a4 Nd3+ 36. Ke3 Bd7 37. axb5 axb5 38. Ra2 Rc7 39. h4 Kf7 40. g5 b4 41. Bd4 b3 42. Ra5 hxg5 43. hxg5 Ne5 44. gxf6 gxf6 45. Rf1 Ke7 46. Rc5 Rxc5 47. Bxc5+ Kf7 48. Bd4 Ng4+ 49. Kf4 Be6 50. Ra1 Ne5 51. Ra7+ Kg6 52. Ra6 Nd3+ 53. Ke3 Kf7 54. Kd2 Nf4 55. g3 Nd3 56. Rb6 Ne5 57. Ke3 Nd3 58. Bc3 Ne5 59. Kd4 Nf3+ 60. Ke3 Ne5 61. Rb7+ Kg6 62. Rb5 Nd3 63. Kd4 Kf7 64. Rb6 Ne5 65. Rb7+ Kg6 66. Kc5 Nd3+ 67. Kd6 Bf7 68. Bd4 Ne5 69. Bc3 Nd3 70. Bd4 Ne5 71. Kc5 Nd3+ 72. Kb5 Be6 73. Kc6 Ne5+ 74. Kd6 Bf7 75. Kc5 Nd3+ 76. Kb5 Be6 77. Rb6 Kf7 78. Kc6 Ne5+ 79. Kd6 Nf3 80. Bb2 Ng5 81. Rb7+ Kg6 82. e5 Bf7 83. Rb6 fxe5 84. Kxe5+ Kh5 85. Kf4 Nh3+ 86. Kf5 Nf2 87. Bd4 Ng4 88. Kf4 Be8 89. Rb7 Nh6 90. Rh7 Bf7 91. g4+ 1-0

[Event "7th Sharjah Masters 2024"]
[Site "Sharjah"]
[Date "2024.05.21"]
[Round "8.6"]
[White "Puranik, Abhimanyu"]
[Black "Yu, Yangyi"]
[Result "1/2-1/2"]
[ECO "C65"]
[WhiteElo "2631"]
[BlackElo "2729"]
[Annotator "TA"]
[PlyCount "108"]
[EventDate "2024.05.13"]
[EventType "swiss"]
[EventCountry "UAE"]
[SourceTitle "playchess.com"]
[Source "ChessBase"]
[SourceQuality "1"]
[TimeControl "5400+30"]

1. e4 e5 2. Nf3 Nc6 3. Bb5 Nf6 4. d3 Bc5 5. Bxc6 dxc6 6. Nbd2 {[%emt 0:00:30] C65: Ruy Lopez: Berlin Defence (3...Nf6), unusual lines and 4 0-0 Bc5.} Be6 7. O-O Qd6 8. b3 a5 $1 {[%emt 0:00:30][%mdl 4] now scores much better than the old 8...Nd7.} 9. Nc4 $146 ({Predecessor:} 9. Bb2 Nd7 10. Ng5 a4 11. Ndf3 f6 12. Nxe6 Qxe6 13. d4 exd4 14. Nxd4 Bxd4 15. Qxd4 {0-1 Maghsoodloo,P (2742)-Eljanov,P (2691) Chennai 2023 (1)}) 9... Bxc4 10. bxc4 Nd7 11. c3 Qe6 12. d4 Be7 13. Qe2 O-O 14. Re1 Rfe8 15. c5 h6 16. Rb1 Rab8 17. h3 Bf8 18. Qc2 b6 19. cxb6 cxb6 20. c4 Rbc8 21. Bb2 b5 22. dxe5 Nb6 23. cxb5 cxb5 24. Qe2 b4 25. Nd4 (25. Ba1 $11 {remains equal.}) 25... Qxe5 $17 26. Nb3 Qg5 27. Qa6 Nc4 28. Rbc1 Qg6 29. Qxg6 fxg6 30. Ba1 a4 31. Nd4 {[%emt 0:00:30] [#]} Bd6 $1 32. Nb5 (32. Nf3 $17) 32... Bf4 $19 33. Rb1 {[%emt 0:00:30] [#]} b3 $2 ({Resist} 33... Bd2 34. Re2 $17) ({Black should try} 33... Rc5 $1 $19 34. Nd4 (34. Rxb4 $2 {is the wrong capture.} Bd2 $19) 34... Na3) 34. axb3 $11 Nd2 35. Rbd1 Nxb3 36. Nd6 Bxd6 37. Rxd6 Ra8 38. Rxg6 Nxa1 39. Rxa1 Rxe4 40. Ra3 Rb4 41. Kh2 Ra7 42. Kg3 Kf7 43. Rc6 Ke7 44. f3 Kd7 45. Rg6 Kc8 46. Rc6+ (46. Re3 $1 $11) 46... Kb7 $15 47. Rg6 Ka8 48. Re6 Kb8 49. h4 Kc8 50. Rc6+ Kd7 51. Rg6 Ke8 52. Re6+ Kf7 53. Rc6 Kg8 54. Kh3 Kh7 1/2-1/2

[Event "7th Sharjah Masters 2024"]
[Site "Sharjah"]
[Date "2024.05.21"]
[Round "8.7"]
[White "Vokhidov, Shamsiddin"]
[Black "Niemann, Hans Moke"]
[Result "*"]
[ECO "B30"]
[WhiteElo "2592"]
[BlackElo "2689"]
[Annotator "TA"]
[PlyCount "74"]
[EventDate "2024.05.13"]
[EventType "swiss"]
[EventCountry "UAE"]
[SourceTitle "playchess.com"]
[Source "ChessBase"]
[SourceQuality "1"]
[TimeControl "5400+30"]

1. e4 c5 2. Nf3 Nc6 3. Bb5 Nf6 4. Bxc6 dxc6 5. d3 Qc7 6. e5 Nd5 7. c4 Nb4 {[%emt 0:00:30] Hoping for ...Bf5.} 8. a3 {[%emt 0:00:30] White is slightly better.} Na6 9. Qe2 Bg4 10. Nbd2 Rd8 11. h3 Bf5 12. Ne4 Qd7 13. g4 Bg6 14. Nh4 Bxe4 15. dxe4 Nc7 16. Be3 Ne6 17. f4 g5 18. fxg5 Bg7 19. O-O Qd3 20. Qf2 (20. Qxd3 $1 $11 Rxd3 21. Kf2) 20... Rf8 $17 21. Nf3 Qxe4 (21... Qxc4 $17 22. Rae1 b6 (22... Qxe4 23. Bxc5 Qa4 24. Qe3 $11)) 22. Bxc5 $11 Rd3 {[%emt 0:00:30] aiming for ...Nxc5.} 23. Bxa7 Nf4 24. Kh2 Qxc4 (24... Bxe5 25. Rae1 Qxf3 (25... Ne2+ $2 26. Kg2 $18) 26. Qxf3 $16) 25. Rad1 Qd5 (25... Bxe5 $11 26. Rxd3 (26. Nxe5 $2 {loses.} Rxh3+ 27. Kg1 Qe4 $19) 26... Nxd3+ 27. Nxe5 Nxe5) 26. Bd4 $1 $14 {[%emt 0:00:30] And now Rxd3 would win.} Qe4 27. Qc2 (27. Qe1 {simplifies} Qxe1 28. Rdxe1 Nd5 29. Rd1) 27... Rxd4 28. Nxd4 $16 Qxc2+ 29. Nxc2 Bxe5 30. b4 (30. h4 $16) 30... Rg8 $14 31. Kg3 Ne6+ 32. Kg2 ({Better is} 32. Kf2 $14) 32... Nf4+ $1 $11 33. Kg3 Nd5+ (33... Ne6+ $11 {keeps the balance.} 34. Kf3 Nxg5+ 35. Kg2 Ne6) 34. Kf3 $16 Rg7 {[%emt 0:00:30] [#]} (34... Rxg5 $16 {might work better.} 35. Ne3 Nxe3 36. Kxe3 e6) 35. g6 $2 Rxg6 {[%cal Oh7h5] [#]} 36. Ne3 $1 Rg5 $2 (36... Nc3 $16) 37. h4 e6 $2 {[%emt 0:01:30] Weighted Error Value: White=0.20 (precise) /Black=0.31.  Loses game:     	---       	Black=1      Missed win:     	White=1     	---        Mistake:       	White=3     	Black=6      Inaccurate:     	White=1     	---        OK:         	White=12    	Black=15     Best:        	White=3     	Black=2      Strong:       	White=2     	Black=1} (37... Nxe3 38. hxg5 Nxd1 39. Rxd1 Bc3) *

[Event "7th Sharjah Masters 2024"]
[Site "Sharjah"]
[Date "2024.05.21"]
[Round "8.7"]
[White "Vokhidov, Shamsiddin"]
[Black "Niemann, Hans Moke"]
[Result "1-0"]
[ECO "B30"]
[WhiteElo "2592"]
[BlackElo "2689"]
[Annotator "TA"]
[PlyCount "83"]
[EventDate "2024.05.13"]
[EventType "swiss"]
[EventCountry "UAE"]
[SourceTitle "playchess.com"]
[Source "ChessBase"]
[SourceQuality "1"]
[TimeControl "5400+30"]

1. e4 c5 2. Nf3 Nc6 3. Bb5 Nf6 4. Bxc6 dxc6 5. d3 Qc7 6. e5 {[%emt 0:00:30] B30: Sicilian: 2...Nc6 3 Bb5, lines without ...g6.} Nd5 7. c4 $5 {[%emt 0:00:30][%mdl 4] Exploring less charted territory.} Nb4 8. a3 Na6 9. Qe2 $146 ({Predecessor:} 9. O-O Bg4 10. Nbd2 Qd7 11. h3 Bf5 12. Ne4 O-O-O 13. Qa4 Rg8 14. Ng3 Bxd3 15. Rd1 {½-½ Kimlong,L (1747)-Frendzas,P (2278) Champion's League 2021/C9 email}) 9... Bg4 10. Nbd2 Rd8 11. h3 Bf5 12. Ne4 Qd7 13. g4 Bg6 14. Nh4 $1 Bxe4 15. dxe4 Nc7 16. Be3 Ne6 17. f4 g5 18. fxg5 Bg7 19. O-O Qd3 20. Qf2 (20. Qxd3 $1 $11 Rxd3 21. Kf2) 20... Rf8 $17 21. Nf3 Qxe4 (21... Qxc4 $15 {deserves consideration.} 22. Rae1 b6 (22... Qxe4 23. Bxc5 Qa4 24. Qe3 $11)) 22. Bxc5 $11 Rd3 23. Bxa7 Nf4 24. Kh2 Qxc4 25. Rad1 Qd5 (25... Bxe5 {simplifies} 26. Rxd3 Nxd3+ 27. Nxe5 Nxe5 28. Bd4 Nf3+) 26. Bd4 Qe4 (26... c5 $1 $11 {remains equal.} 27. Rxd3 Nxd3) 27. Qc2 Rxd4 (27... Rg8 $14) 28. Nxd4 $16 Qxc2+ 29. Nxc2 Bxe5 30. b4 (30. h4 $16) 30... Rg8 $14 31. Kg3 Ne6+ 32. Kg2 (32. Kf2 $14) 32... Nf4+ $1 $11 33. Kg3 Nd5+ (33... Ne6+ $11 {keeps the balance.} 34. Kf3 Nxg5+ 35. Kg2 Ne6) 34. Kf3 $1 $16 Rxg5 {[#]} 35. Ne3 $1 e6 36. h4 Rg8 37. g5 Rf8 38. Ng4 ({Better is} 38. b5 $18) 38... Bb2 39. Rd3 (39. Rf2 $16 Bc3 (39... Bxa3 40. Ra2 $16) 40. Ne3) 39... f5 $14 {[%emt 0:00:30] [#]} 40. Ne3 $1 e5 41. Ke2 Bd4 $2 ({Wrong is} 41... Nf4+ $2 42. Rxf4 exf4 43. Nc4 $18) (41... Nxe3 $16 42. Kxe3 Ke7) 42. Nxf5 1-0

[Event "7th Sharjah Masters 2024"]
[Site "Sharjah"]
[Date "2024.05.21"]
[Round "8.8"]
[White "Salem, A.R. Saleh"]
[Black "Nguyen, Thai Dai Van"]
[Result "1-0"]
[ECO "D78"]
[WhiteElo "2629"]
[BlackElo "2650"]
[Annotator "TA"]
[PlyCount "103"]
[EventDate "2024.05.13"]
[EventType "swiss"]
[EventCountry "UAE"]
[SourceTitle "playchess.com"]
[Source "ChessBase"]
[SourceQuality "1"]
[TimeControl "5400+30"]

1. d4 d5 2. Nf3 Nf6 3. g3 g6 4. Bg2 Bg7 5. c4 c6 6. O-O O-O 7. a4 {[%emt 0:00:30] D78: Fianchetto Grünfeld: 6 0-0 c6.} Be6 8. Nc3 dxc4 9. e4 Bg4 10. h3 $146 ({Predecessor:} 10. Be3 Nbd7 11. h3 Bxf3 12. Bxf3 e5 13. Qe2 Qe7 14. Qxc4 exd4 15. Bxd4 Ne5 16. Bxe5 Qxe5 17. Bg2 Rfd8 18. Rfd1 {½-½ Illes,A (2077)-Bartha,S (2209) HUN-chT2 Asztalos 1112 2011 (9.4)}) 10... Bxf3 11. Bxf3 e5 12. dxe5 Nfd7 13. e6 $1 fxe6 14. Be2 Ne5 15. Be3 Nd3 16. Bxd3 cxd3 17. Qb3 Qc8 18. f4 c5 19. Qc4 b6 20. e5 Nc6 21. Qxd3 Rd8 22. Qe4 Nb4 23. Rfd1 Qc6 24. Qxc6 Nxc6 25. Nb5 Bf8 26. Kf2 (26. Nc7 {simplifies} Rxd1+ 27. Rxd1 Rd8 28. Rxd8 Nxd8 29. Kf2) 26... Kf7 27. Kf3 Be7 28. Ke4 a6 29. Na3 Nb4 30. g4 Nd5 31. Bf2 Rac8 32. Nc4 b5 33. axb5 axb5 34. Ne3 Nxe3 (34... Nb4 $11) 35. Bxe3 (35. Rxd8 $1 $14 Bxd8 36. Bxe3) 35... Rxd1 $11 36. Rxd1 Ra8 (36... Ke8 $11) 37. Rd7 $16 Ra4+ (37... Ke8 $142 38. Rb7 b4) 38. Kf3 $1 $16 Ke8 39. Rb7 b4 {[%emt 0:00:30] [#]} 40. f5 $1 gxf5 41. gxf5 exf5 42. Kf4 c4 43. Kxf5 c3 (43... Ra6 $16) 44. bxc3 $18 bxc3 45. Rc7 Ra2 {[%emt 0:00:30] [#]} (45... Ra1 $16 46. Rxc3 Ra8) 46. Rc8+ $1 $18 ({But not} 46. Rxc3 $6 Ra1 47. Rb3 Ra8 $16) 46... Kd7 47. Rxc3 Ra6 48. Rb3 Ra8 $2 (48... Ke8 49. Rb8+ Kd7) 49. Rb7+ $18 Ke8 50. Bg5 Bxg5 51. Kxg5 h6+ 52. Kf6 ({Inferior is} 52. Kxh6 Ra5 $11) 1-0

[Event "7th Sharjah Masters 2024"]
[Site "Sharjah"]
[Date "2024.05.21"]
[Round "8.9"]
[White "Sankalp Gupta"]
[Black "Mendonca, Leon Luke"]
[Result "1/2-1/2"]
[ECO "A11"]
[WhiteElo "2532"]
[BlackElo "2640"]
[Annotator "TA"]
[PlyCount "68"]
[EventDate "2024.05.13"]
[EventType "swiss"]
[EventCountry "UAE"]
[SourceTitle "playchess.com"]
[Source "ChessBase"]
[SourceQuality "1"]
[TimeControl "5400+30"]

1. Nf3 d5 2. g3 Nf6 3. Bg2 c6 4. O-O Bg4 5. c4 e6 6. h3 Bxf3 7. Bxf3 dxc4 8. Na3 Bxa3 9. bxa3 O-O 10. a4 Qa5 11. Rb1 Qa6 12. Ba3 Re8 13. d4 (13. d3 $11 {keeps the balance.}) 13... Nbd7 $17 14. Qc2 $1 Rac8 (14... Rad8 $17 15. Rfc1 b5) 15. Bc1 ({White should play} 15. Rfc1 $15) 15... Nb6 16. Bg5 Nxa4 ({Inferior is} 16... Qxa4 17. Qxa4 Nxa4 18. Bxf6 $14 (18. Rxb7 Nd5 $11)) 17. Bxf6 gxf6 18. Qe4 b5 19. Qh4 Qb7 20. Qxf6 Qe7 21. Qh6 Nc3 22. Rb2 Nd5 23. Rd1 Qf6 24. Qc1 Red8 25. Kg2 a5 26. e4 Nb4 27. e5 Qg6 {[%emt 0:00:30] aiming for ...Nd3.} 28. Re2 Nd3 29. Qe3 c5 30. Be4 cxd4 31. Qd2 {[%emt 0:00:30] [#]} Qh5 (31... f5 $1 $17 32. exf6 Qxf6 33. Bxd3 cxd3 34. Qxd3 Rc5) 32. Bf3 $11 {[%emt 0:00:30] The position is equal.} (32. g4 $2 Qh4 (32... Qxe5 33. Bxh7+ Kxh7 34. Rxe5 $11) 33. Bxd3 cxd3 $19) 32... Qf5 33. Be4 {[%emt 0:00:30] The board is on fire.} Qh5 34. Bf3 $1 ({Not} 34. g4 $2 Qh4 (34... Qxe5 35. Bxh7+ Kxh7 36. Rxe5 $11) 35. Bxd3 cxd3 $19) 34... Qf5 {[%emt 0:00:30] Weighted Error Value: White=0.12 (very precise) /Black=0.10 (very precise) .  Mistake:       	White=2     	Black=2      Inaccurate:     	White=2     	Black=1      OK:         	White=12    	Black=12     Best:        	White=2     	Black=3      Strong:       	White=2     	---} 1/2-1/2

[Event "7th Sharjah Masters 2024"]
[Site "Sharjah"]
[Date "2024.05.21"]
[Round "8.10"]
[White "Zemlyanskii, Ivan"]
[Black "Mishra, Abhimanyu"]
[Result "1/2-1/2"]
[ECO "B97"]
[WhiteElo "2516"]
[BlackElo "2634"]
[Annotator "TA"]
[PlyCount "54"]
[EventDate "2024.05.13"]
[EventType "swiss"]
[EventCountry "UAE"]
[SourceTitle "playchess.com"]
[Source "ChessBase"]
[SourceQuality "1"]
[TimeControl "5400+30"]

1. e4 c5 2. Nf3 d6 3. d4 cxd4 4. Nxd4 Nf6 5. Nc3 a6 6. Bg5 e6 7. f4 Qb6 8. Qd2 Qxb2 9. Rb1 Qa3 10. e5 h6 11. Bh4 (11. exf6 hxg5 12. Ne4 d5 $15 (12... Qxa2 13. fxg7 Qxb1+ 14. Kf2 $11)) 11... dxe5 12. fxe5 Nfd7 13. Ne4 $1 Qxa2 {[%emt 0:01:53] The position is equal.} 14. Rd1 Qd5 (14... Nxe5 15. Nxe6 (15. Nb5 f6 $18) 15... f5 (15... fxe6 $2 16. Be2 $18) 16. Nxf8 $18 (16. Nc7+ Kf7 $16)) 15. Qe3 Qxe5 16. Be2 Bc5 $1 {[%emt 0:03:45] ...Bb6 is the strong threat.} 17. Bg3 Qd5 {[%emt 0:00:46] Hoping for ...0-0.} 18. O-O e5 19. Nxc5 Qxc5 20. Rxf7 $1 Kxf7 21. Qb3+ Ke7 22. Bf2 $1 exd4 23. Bxd4 {[%emt 0:00:03] White wants to mate with Qe3+.} Qd6 {[%emt 0:01:43] Strongly threatening ...Nc6.} 24. Bh5 {[%emt 0:01:13] [#] Threatens to win with Qe3+. Dancing on a razor blade. This pair of bishops is nice.} g6 $1 25. Qe3+ Qe6 26. Qg3 gxh5 27. Bxh8 Kd8 {[%emt 0:00:20] Weighted Error Value: White=0.04 (flawless) /Black=0.02 (flawless) .  Inaccurate:     	White=1     	Black=1      OK:         	White=8     	Black=5      Best:        	White=2     	Black=3      Strong:       	White=3     	Black=2} (27... Nc6 $5 28. Re1 Nde5 29. Bxe5 Qg4 (29... Nxe5 $2 30. Rxe5 a5 31. Qh4+ Kd6 32. Qd4+ Kc7 33. Rxe6 $18) 30. Qa3+ Kf7 $11) 1/2-1/2

[Event "7th Sharjah Masters 2024"]
[Site "Sharjah"]
[Date "2024.05.21"]
[Round "8.11"]
[White "Artemiev, Vladislav"]
[Black "Gledura, Benjamin"]
[Result "1/2-1/2"]
[ECO "D02"]
[WhiteElo "2705"]
[BlackElo "2619"]
[Annotator "TA"]
[PlyCount "121"]
[EventDate "2024.05.13"]
[EventType "swiss"]
[EventCountry "UAE"]
[SourceTitle "playchess.com"]
[Source "ChessBase"]
[SourceQuality "1"]
[TimeControl "5400+30"]

1. d4 d5 2. Nf3 Nf6 3. Bf4 c5 4. e3 Nc6 5. Nbd2 Bg4 6. c3 e6 7. Qb3 Qc8 8. Nh4 Bh5 9. h3 {[%emt 0:00:33] White has an edge.} Be7 10. g4 Bg6 11. Nxg6 hxg6 12. Be2 Qd7 13. dxc5 Bxc5 14. O-O-O Na5 15. Qb5 Qxb5 16. Bxb5+ Nc6 17. g5 Nd7 18. c4 a6 19. Ba4 Nb6 20. cxd5 exd5 21. Bb3 O-O-O 22. h4 Bd6 23. Bxd6 Rxd6 24. Nf3 Kc7 25. Kc2 Nc4 26. Bxc4 dxc4 27. Rxd6 Kxd6 $11 {[%emt 0:00:07][%mdl 4096] Endgame. KRN-KRN} 28. Rd1+ Kc7 29. Kc3 b5 30. a4 bxa4 31. Ra1 Rb8 {[%emt 0:00:15] The position is equal.} 32. Nd2 Rb4 33. Rh1 a5 34. f4 Na7 35. Nxc4 Nb5+ 36. Kd3 Nd6 37. Rc1 Nxc4 38. Rxc4+ {[%emt 0:00:05] KR-KR} Kd6 39. Rc2 Kd5 40. Rd2 Rb3+ 41. Kc2+ Ke4 42. Rd7 {[%emt 0:00:10] Repels Rb7} Rxe3 ({But not} 42... Kxe3 $6 43. Rxf7 Rb4 44. Rxg7 Rxf4 45. Rxg6 Rc4+ 46. Kb1 Rxh4 47. Rg8 $14) 43. Rxf7 Rh3 44. Ra7 Rxh4 45. Rxg7 Rxf4 {[%emt 0:01:00] [#] aiming for ...Kf5.} 46. Rxg6 Kf5 47. Rg8 Rb4 48. Rg7 Rb5 49. Rg8 Rb4 50. g6 Kf6 51. Kc3 Rb3+ 52. Kc2 Rb5 53. Kc1 Rb4 54. g7 Kf7 55. Ra8 Kxg7 56. Rxa5 Kf6 57. Kb1 Ke6 58. Ka2 Kd6 59. Ka3 Rb3+ 60. Kxa4 Rxb2 61. Rb5 {[%emt 0:00:39] Weighted Error Value: White=0.03 (flawless) /Black=0.02 (flawless) .  Inaccurate:     	---       	Black=2      OK:         	White=22    	Black=33     Best:        	White=5     	Black=4} 1/2-1/2

[Event "7th Sharjah Masters 2024"]
[Site "Sharjah"]
[Date "2024.05.21"]
[Round "8.12"]
[White "Maurizzi, Marc`Andria"]
[Black "Sindarov, Javokhir"]
[Result "1/2-1/2"]
[ECO "D45"]
[WhiteElo "2618"]
[BlackElo "2684"]
[Annotator "TA"]
[PlyCount "102"]
[EventDate "2024.05.13"]
[EventType "swiss"]
[EventCountry "UAE"]
[SourceTitle "playchess.com"]
[Source "ChessBase"]
[SourceQuality "1"]
[TimeControl "5400+30"]

1. d4 Nf6 2. c4 e6 3. Nf3 d5 4. Nc3 c6 5. e3 Nbd7 6. Be2 dxc4 7. a4 Bd6 $1 {[%emt 0:00:30] 7...Bd6 scores better than 7...Bb4.} 8. Nd2 {[%emt 0:00:30] D45: Semi-Slav: 5 e3.} e5 9. Nxc4 Bc7 10. b3 O-O 11. Ba3 Re8 $1 12. O-O e4 13. d5 Nxd5 14. Nxd5 cxd5 15. Qxd5 Nf6 16. Qxd8 Rxd8 17. Rfc1 $146 ({Predecessor:} 17. Be7 Rd7 18. Bc5 b6 19. Bd4 Bb7 20. Rfc1 Bd5 21. Rc2 Re8 22. Nd2 Red8 23. Bb5 {1-0 Zhong,K (2143)-Gueorguiev,V (1917) Quebec op Montreal 2023 (2)}) 17... Be6 18. Bc5 Ng4 19. h3 Ne5 20. Bd4 Nc6 21. Bc3 a5 22. Rd1 f6 23. h4 Kf7 24. h5 Ne5 (24... f5 {looks sharper.} 25. f3 Nb4 26. fxe4 fxe4 27. Rd4 Rxd4 28. Rf1+ Kg8) 25. Nxe5+ Bxe5 26. Bxe5 fxe5 27. Bc4 Rxd1+ 28. Rxd1 Bxc4 29. bxc4 Rc8 $1 30. Rd5 Rxc4 31. Rxa5 Kf6 32. Kh2 g6 33. h6 Kg5 34. Rxe5+ Kxh6 35. a5 Ra4 (35... Rb4 $1 $11) 36. Kg3 (36. Rb5 $1 $16) 36... Ra1 (36... Rb4 $11) 37. Rb5 $1 $16 ({Much less strong is} 37. Rxe4 Rxa5 38. Rh4+ Kg7 $11) 37... Ra2 {[%emt 0:00:30] [#]} 38. Re5 ({But not} 38. Rxb7 $6 Rxa5 39. Re7 Ra4 $11) (38. f3 $1 $16 ) 38... Ra1 $14 39. Rc5 Ra3 40. Rb5 (40. Rc4 $11) 40... Ra2 $16 {[%emt 0:00:30] [#]} 41. Rxb7 ({White should play} 41. f3 $1 $16 ) 41... Rxa5 $11 42. Re7 Ra4 $1 43. Kh4 Ra2 44. Kg3 (44. g4 $5 g5+ $8 45. Kg3 $11) 44... Ra4 45. Kh4 Ra2 46. g4 g5+ $1 47. Kg3 Ra4 $1 48. Re6+ Kg7 49. Re5 Kg6 50. Re6+ Kg7 51. Re5 Kg6 1/2-1/2